 Dungeon Crawl Stone Soup version 0.28.0-43-g3370ac3207 (webtiles) character file.

Game seed: 9073930946435209536

2102 smarlow the Fighter (level 9, -9/60 HPs)
             Began as a Gargoyle Fighter on Mar 14, 2022.
             Was a Follower of Okawaru.
             Collided with a metal wall (13 damage)
             ... caused by a deep elf knight
             ... summoned by a worldbinder
             ... on level 2 of the Abyss.
             The game lasted 00:15:18 (8418 turns).

smarlow the Fighter (Gargoyle Fighter)              Turns: 8418, Time: 00:15:18

Health: -9/60      AC: 15    Str: 24    XL:     9   Next: 28%
Magic:  0/9        EV:  9    Int:  9    God:    Okawaru [*.....]
Gold:   251        SH:  5    Dex:  9    Spells: 8/8 levels left

rFire   . . .      SeeInvis .   a - +1 war axe
rCold   + . .      Faith    .   c - +0 buckler
rNeg    + . .      Spirit   +   b - +1 scale mail
rPois   ∞          Reflect  .   (no helmet)
rElec   +          Harm     .   (no cloak)
rCorr   .          Rampage  .   (no gloves)
Will    .....                   (no boots)
Stlth   ..........              f - amulet of guardian spirit
HPRegen 0.20/turn               l - ring of protection from cold
MPRegen 0.11/turn               (no ring)

@: mighty
A: sickness immunity, AC +6, negative energy resistance 1, electricity
resistance, torment resistance 1, petrification resistance
a: Renounce Religion, Heroism


You were on level 2 of the Abyss.
You worshipped Okawaru.
Okawaru was aware of your devotion.
You visited 2 branches of the dungeon, and saw 7 of its levels.
You visited the Abyss 1 time.

You collected 251 gold pieces.

Inventory:

Hand Weapons
 a - a +1 war axe (weapon)
Armour
 b - a +1 scale mail (worn)
 c - a +0 buckler (worn)
Jewellery
 f - an amulet of guardian spirit (around neck)
 l - a ring of protection from cold (left hand)
Wands
 g - a wand of flame (27)
Scrolls
 d - a scroll of magic mapping {unknown}
 h - 2 scrolls of identify
 j - 2 scrolls of amnesia {unknown}
 q - a scroll of torment {unknown}
Potions
 e - 3 potions of attraction
 i - 3 potions of flight


   Skills:
 * Level 9.3 Fighting
 + Level 4.2 Axes
 + Level 6.9 Armour
 + Level 6.9 Shields


You had 8 spell levels left.
You didn't know any spells.
Your spell library contained the following spells:

 Spells                   Type           Power      Damage    Failure   Level
 Scorch                   Fire           0%         2d5       86%         2
 Flame Wave               Conj/Fire      0%         2d4       100%        4
 Petrify                  Tmut/Erth      0%         N/A       100%        4
 Irradiate                Conj/Tmut      0%         3d13      100%        5
 Summon Small Mammal      Summ           Unusable   N/A       N/A         1
 Sublimation of Blood     Necr           Unusable   N/A       N/A         2
 Call Canine Familiar     Summ           Unusable   N/A       N/A         3
 Summon Guardian Golem    Hex/Summ       Unusable   N/A       N/A         3
 Summon Cactus Giant      Summ           Unusable   N/A       N/A         6

Dungeon Overview and Level Annotations

Branches:
Dungeon (6/15)             Temple (1/1) D:6

Altars:
Ashenzari
Cheibriados
Dithmenos
Elyvilon
Fedhas
Gozag
Hepliaklqana
Kikubaaqudgha
Makhleb
Nemelex Xobeh
Okawaru
Qazlal
Ru
Sif Muna
Trog
Uskayaw
Vehumet
Wu Jian
Xom
Yredelemnul
Zin
The Shining One

Shops:
D:1 (   D:3 =

Annotations:
D:4 2 transporters
D:6 Dowan, Duvessa


Innate Abilities, Weirdness & Mutations

You are immune to sickness and miasma.
Your stone body is resilient. (AC +6)
You are immune to poison.
You resist negative energy. (rN+)
You are resistant to electric shocks. (rElec)
You are resistant to unholy torment.
You are immune to petrification.


Message History

The worldbinder barely misses you. The worldbinder hits you.
* * * LOW HITPOINT WARNING * * *
The worldbinder barely misses you.
You slash the worldbinder!
You destroy the worldbinder!
That felt strangely unrewarding.
The skeletal warrior disappears in a puff of smoke!
The necromancer disappears in a puff of smoke!
You slash the small abomination!
The small abomination is heavily damaged.
The small abomination hits you.
* * * LOW HITPOINT WARNING * * *
The small abomination hits you but does no damage.
You closely miss the small abomination.
The small abomination is heavily damaged.
You block the small abomination's attack.
You slash the small abomination!
You destroy the small abomination!
That felt strangely unrewarding.
There is an open door here.
A small abomination comes into view.
There is an abandoned shop here.
There is an open door here.
A worldbinder comes into view.
The worldbinder calls forth creatures from the Elven Halls!
You barely miss the small abomination.
The small abomination completely misses you.
The small abomination closely misses you.
You closely miss the small abomination.
The small abomination hits you but does no damage.
The small abomination hits you!
* * * LOW HITPOINT WARNING * * *
You slash the small abomination!
The small abomination is heavily damaged.
The deep elf knight gestures at you while chanting.
The lance of force hits you!
* * * LOW HITPOINT WARNING * * *
You are knocked back by the lance of force.
You slam into the metal wall!
You die...

##..##....##...##
.e#######.#........
..#.##
..ex.e..xx'...........
########e#......#....#
#.
####.#...........###.
#....'.........#. ..
##.#.#...........#
####'########.. .§.
#...@......##.... § .
#...#......#.8.∩.8§..
#... ......#........
....# ######## #8.# ..
...... #.... . ......
# ....... ..... .. ..
..... .... .x


You could see a deep elf knight (summoned), a worldbinder and a small
abomination.

Vanquished Creatures
  Pikel (D:4)
  A worldbinder (Abyss:2)
  2 small abominations (Abyss:2)
  Sigmund (D:2)
  Eustachio (D:4)
  Menkaure (D:5)
  A water moccasin (D:6)
  A black bear (D:4)
  2 ogres (D:5)
  A necrophage (D:6)
  3 lemures (D:4)
  A scorpion (D:5)
  A bullfrog skeleton (D:4)
  2 orc priests
  3 hounds
  A jelly (D:5)
  2 centaur skeletons (D:6)
  2 iguanas
  Ijyb (D:4)
  4 orc wizards
  8 gnolls
  3 adders
  A white imp (D:6)
  An ufetubus (D:5)
  An adder skeleton (D:4)
  3 worms
  4 dart slugs
  27 orcs
  11 endoplasms
  5 giant cockroaches
  8 goblins
  9 hobgoblins
  5 jackals
  8 kobolds
  A quokka (D:5)
  8 ball pythons
  10 bats
  4 frilled lizards
  4 rats
153 creatures vanquished.

Vanquished Creatures (others)
  3 plants (D:1)
  A withered plant (D:1)
4 creatures vanquished.

Grand Total: 157 creatures vanquished

Notes
Turn   | Place    | Note
-------+----------+-------------------------------------------
     0 | D:1      | smarlow the Gargoyle Fighter began the quest for the Orb.
     0 | D:1      | Reached XP level 1. HP: 14/14 MP: 1/1
   185 | D:1      | Reached XP level 2. HP: 19/19 MP: 2/2
   272 | D:1      | Found a faded altar of an unknown god.
   419 | D:1      | Found Jyumuapt's Weapon Emporium.
   567 | D:1      | Reached XP level 3. HP: 19/24 MP: 3/3
  1092 | D:2      | Reached skill level 4 in Fighting
  1492 | D:2      | Reached XP level 4. HP: 10/29 MP: 4/4
  1745 | D:2      | Noticed Sigmund
  2168 | D:2      | Killed Sigmund
  2169 | D:2      | Reached skill level 5 in Fighting
  2169 | D:2      | Reached XP level 5. HP: 32/35 MP: 5/5
  2169 | D:2      | Reached XP level 6. HP: 37/40 MP: 6/6
  3378 | D:3      | Found Ezumiem's Jewellery Boutique.
  3747 | D:3      | Reached skill level 6 in Fighting
  4172 | D:4      | Noticed a black bear
  4188 | D:4      | Noticed Eustachio
  4299 | D:4      | Reached skill level 5 in Armour
  4299 | D:4      | Reached skill level 5 in Shields
  4299 | D:4      | Reached XP level 7. HP: 37/46 MP: 7/7
  4779 | D:4      | Noticed Ijyb
  4786 | D:4      | Killed Ijyb
  4791 | D:4      | Found a transporter.
  4793 | D:4      | Found a transporter.
  4949 | D:4      | Noticed Pikel
  4974 | D:5      | Entered Level 5 of the Dungeon
  4989 | D:5      | Noticed Menkaure
  5421 | D:6      | Reached skill level 7 in Fighting
  5497 | D:6      | Found a staircase to the Ecumenical Temple.
  5507 | Temple   | Entered the Ecumenical Temple
  6016 | Temple   | Became a worshipper of Warmaster Okawaru
  6122 | D:6      | Reached XP level 8. HP: 41/53 MP: 5/8
  6232 | D:6      | Noticed a troll
  6233 | D:6      | Noticed Duvessa
  6233 | D:6      | Noticed Dowan
  6366 | D:5      | Reached * piety under Okawaru
  6367 | D:5      | Reached skill level 8 in Fighting
  6685 | D:5      | Killed Menkaure
  7195 | D:5      | Found a bloodstained altar of Trog.
  7389 | D:4      | Killed Eustachio
  8007 | D:4      | Killed Pikel
  8007 | D:4      | Reached ** piety under Okawaru
  8008 | D:4      | Reached skill level 9 in Fighting
  8008 | D:4      | Reached XP level 9. HP: 32/60 MP: 3/9
  8354 | D:6      | Cast into level 2 of the Abyss (Duvessa)
  8370 | Abyss:2  | Noticed a worldbinder
  8374 | Abyss:2  | Noticed a skeletal warrior
  8374 | Abyss:2  | Noticed a skeletal warrior
  8375 | Abyss:2  | Noticed a freezing wraith
  8381 | Abyss:2  | Noticed a necromancer
  8381 | Abyss:2  | Noticed a skeletal warrior
  8384 | Abyss:2  | Killed a worldbinder
  8410 | Abyss:2  | Noticed a worldbinder
  8413 | Abyss:2  | Noticed a deep elf pyromancer
  8413 | Abyss:2  | Noticed a deep elf knight
  8413 | Abyss:2  | Noticed a deep elf knight
  8418 | Abyss:2  | Collided with a metal wall

Illustrated notes

Levels and vault maps discovered:
D:1:      psy_arrival_basics, layout_basic,
          shapermc_ecumenical_altar_flowoftime, serial_shops,
          nicolae_shop_statue_plus, hangedman_decor_push
D:2:      layout_basic, uniq_sigmund
D:3:      layout_loops_ring, serial_shops, nicolae_shop_hallway_plus,
          kennysheep_generic_room_16
D:4:      gammafunk_wand_slinger, layout_gridville, minmay_diced_spiral,
          uniq_ijyb, uniq_pikel, uniq_eustachio
D:5:      layout_cave_pools, mainiacjoe_overflow_alcove_4, kennysheep_nub,
          uniq_menkaure
D:6:      layout_cave_pools, minmay_temple_entry_ruins,
          chequers_serial_rivers_marsh, uniq_duvessa
Temple:   mainiacjoe_temple_starburst
Abyss:2:  base: D:1, minivault_5

Skill      XL: |  1  2  3  4  5  6  7  8 |
---------------+-------------------------+-----
Axes           | 2 4 |  4.2
Fighting       | 4 5 6 7 9 |  9.3
Armour         | 4 5 6 |  6.9
Shields        | 4 5 6 |  6.9

Action                   |  1- 3 |  4- 6 |  7- 9 || total
-------------------------+-------+-------+-------++-------
Melee: War axe           |    87 |   194 |   231 ||   512
Invok: Heroism           |       |       |     6 ||     6
  Use: Potion            |       |     6 |     3 ||     9
       Scroll            |       |     7 |     5 ||    12
Armor: Scale mail        |    51 |   121 |   167 ||   339
Dodge: Dodged            |    35 |   116 |   150 ||   301
Block: Buckler           |    23 |    61 |    67 ||   151
